 Dungeon Crawl Stone Soup version 0.18.1-6-gd335043 (webtiles) character file.

19521 manyhoops the Cleaver (level 12, 0/99 HPs)
             Began as a Demonspawn Fighter on May 18, 2016.
             Was a Priest of Qazlal.
             Slain by an ettin
             ... wielding a +0 dire flail
              (2 damage)
             ... on level 11 of the Dungeon.
             The game lasted 00:36:04 (14667 turns).

manyhoops the Cleaver (Demonspawn Fighter)         Turns: 14667, Time: 00:36:06

Health: 0/99       AC: 19    Str: 23    XL:     12   Next: 37%
Magic:  18/18      EV: 10    Int:  9    God:    Qazlal [***...]
Gold:   1554       SH:  3    Dex: 12    Spells: 0 memorised, 11 levels left

rFire  + . .     SeeInvis .     w - +2 battleaxe (venom)
rCold  . . .     Gourm    .     g - +6 chain mail {MR+}
rNeg   . . .     Faith    .     (shield currently unavailable)
rPois  .         Spirit   .     (helmet restricted)
rElec  .         Dismiss  .     (no cloak)
rCorr  .         Reflect  .     v - +0 pair of gloves
SustAt .         Harm     .     (no boots)
MR     +....                    (no amulet)
Stlth  ..........               o - +1 ring of evasion
                                H - ring of protection from fire

@: somewhat resistant to hostile enchantments, extremely unstealthy
A: antennae 1, foul stench 1, powered by death 1, rot immunity, sturdy frame 1
a: Upheaval, Elemental Force, Renounce Religion


You were on level 11 of the Dungeon.
You worshipped Qazlal.
Qazlal was most pleased with you.
You were hungry.

You visited 3 branches of the dungeon, and saw 14 of its levels.

You collected 1554 gold pieces.

Inventory:

Hand Weapons
 j - a +2 long sword of flaming
 n - a +2 flail of protection
 w - a +2 battleaxe of venom (weapon)
Armour
 g - a +6 chain mail of magic resistance (worn)
 v - a +0 pair of gloves (worn)
Jewellery
 o - a +1 ring of evasion (right hand)
 H - a ring of protection from fire (left hand)
Wands
 b - a wand of random effects (19/48)
 c - a wand of paralysis (11/24)
 B - a wand of flame (39/48)
 L - a wand of random effects (19/48)
 M - a wand of digging (13/24)
Scrolls
 e - a scroll of fog {unknown}
 m - 4 scrolls of remove curse
 t - 3 scrolls of amnesia
 y - a scroll of recharging
 z - a scroll of fear {unknown}
 A - a scroll of immolation {unknown}
 C - a scroll of enchant weapon
 E - 2 scrolls of blinking {unknown}
 G - a scroll of holy word {unknown}
Potions
 d - a potion of berserk rage
 h - 3 potions of curing
 k - 2 potions of mutation {unknown}
 l - a potion of cure mutation
 p - a potion of brilliance
 q - a potion of degeneration
 s - a potion of lignification {unknown}
 x - a potion of ambrosia {unknown}
 I - a potion of resistance {unknown}
Comestibles
 f - 7 bread rations
 i - 2 meat rations
 u - 3 royal jellies
 D - 8 fruits
 J - 10 slices of pizza
 K - 4 beef jerkies


   Skills:
 + Level 10.9 Fighting
 + Level 11.1 Axes
 + Level 10.7 Armour
   Level 2.6 Shields
 * Level 8.8 Invocations
 - Level 0.8 Evocations


You had 11 spell levels left.
You didn't know any spells.

Dungeon Overview and Level Annotations

Branches:
Dungeon (11/15)            Temple (0/1) D:7            Lair (1/8) D:11
    Orc (2/2) D:10            Elf (0/3) Orc:2

Altars:
Ashenzari
Elyvilon
Fedhas
Gozag
Kikubaaqudgha
Makhleb
Nemelex Xobeh
Okawaru
Qazlal
Ru
Trog
Vehumet
Yredelemnul
Zin
The Shining One

Shops:
Orc:1 %

Annotations:
D:5 Prince Ribbit, Sigmund
D:11 incide's ghost, journeyman HEAE


Innate Abilities, Weirdness & Mutations

You have a pair of small antennae on your head.
You may emit foul miasma when damaged in melee.
You regenerate a little health from kills.
You are immune to rotting.
Your movements are slightly less encumbered by armour (ER -2).


Message History

The ettin hits you with a dire flail! The ettin completely misses you.
The ettin closely misses you. The ettin hits you with a dire flail!!
The ettin looks sick.
There is a stone staircase leading up, spattered with blood here.
You slice the ettin!!
The ettin is poisoned.
The ettin is moderately wounded.
The ettin hits you with a dire flail!!
* * * LOW HITPOINT WARNING * * *
The ettin hits you with a dire flail.
* * * LOW HITPOINT WARNING * * *
You feel much better. The ettin hits you with a dire flail!
* * * LOW HITPOINT WARNING * * *
You emit a cloud of foul miasma!
The ettin hits you but does no damage.
You slash the ettin!
The ettin is heavily wounded.
The ettin is engulfed in dark miasma.
The ettin seems to slow down.
The ettin hits you with a dire flail!!
* * * LOW HITPOINT WARNING * * *
The ettin hits you with a dire flail.
You die...

## #. ######.### #
.$....ยง@.#####.###
(.....C...........
#.................
##.............(..
#...$............
#....$...........
..................
>......##.........
.=.... ........).


You could see an ettin.

Vanquished Creatures
  2 ettins
  Josephine (D:10)
  Erolcha (D:8)
  Urug (Orc:1)
  A hill giant (D:10)
  Pikel (D:6)
  An ugly thing (D:10)
  An orc knight (Orc:2)
  A cyclops (Orc:2)
  A komodo dragon (Lair:1)
  2 trolls
  5 wraiths
  A wyvern (D:10)
  A human (D:7)
  A yak (D:7)
  A hog (D:7)
  A hungry ghost (D:10)
  A hippogriff (Lair:1)
  5 wargs
  The ghost of HungrySpirit the Changer, an amateur OpTm (D:3)
  4 water moccasins
  4 sky beasts
  5 ice beasts
  23 orc warriors
  2 slaves (D:6)
  3 black bears
  2 wasps (D:10)
  A necrophage (D:10)
  2 phantoms
  7 ogres
  2 crocodiles
  3 wolves (Lair:1)
  4 centaurs
  7 giant frogs
  A big kobold (D:10)
  A wyvern skeleton (D:7)
  9 scorpions
  4 wights (D:9)
  4 killer bees (D:10)
  4 howler monkeys
  10 crimson imps
  2 centaur zombies
  A hound (D:6)
  4 centaur skeletons
  5 jellies
  14 orc priests
  2 giant frog skeletons
  4 iguanas
  19 orc wizards
  11 worker ants
  2 hell rats (D:7)
  2 sheep (D:7)
  3 hound zombies
  2 worker ant zombies
  Robin (D:2)
  A howler monkey zombie (D:5)
  3 gnolls (D:5)
  23 river rats
  9 adders
  3 shadow imps
  An adder skeleton (D:8)
  7 worms
  2 dart slugs
  3 giant geckos
  63 orcs
  A ball python (D:1)
  7 bats
  9 giant cockroaches
  14 goblins
  9 hobgoblins
  18 jackals
  5 quokkas
  A giant gecko zombie (D:8)
  5 giant newts
  15 kobolds
  36 rats
  A plant (Lair:1)
440 creatures vanquished.

Vanquished Creatures (collateral kills)
  3 orc knights (Orc:2)
  An orc (Orc:2)
4 creatures vanquished.

Vanquished Creatures (others)
  A wyvern skeleton (D:6)
  A giant frog zombie (D:11)
  An orc wizard (D:6)
  A worker ant (D:4)
  A fungus (Lair:1)
5 creatures vanquished.

Grand Total: 449 creatures vanquished

Notes
Turn   | Place    | Note
--------------------------------------------------------------
     0 | D:1      | manyhoops the Demonspawn Fighter began the quest for the Orb.
     0 | D:1      | Reached XP level 1. HP: 18/18 MP: 1/1
   295 | D:1      | Gained mutation: Your movements are slightly less encumbered by armour (ER -2). [demonic ancestry]
   295 | D:1      | Reached XP level 2. HP: 16/24 MP: 2/2
   911 | D:1      | Reached XP level 3. HP: 30/30 MP: 3/3
  1510 | D:2      | Reached skill level 2 in Axes
  1586 | D:2      | Gained mutation: You have a pair of small antennae on your head. [demonic ancestry]
  1586 | D:2      | Reached XP level 4. HP: 34/37 MP: 4/4
  1696 | D:2      | Found a sparkling altar of Nemelex Xobeh.
  1768 | D:2      | Noticed Robin
  1780 | D:2      | Killed Robin
  1889 | D:2      | Found an ancient bone altar of Kikubaaqudgha.
  2301 | D:2      | Found a burning altar of Makhleb.
  2305 | D:2      | Reached XP level 5. HP: 42/42 MP: 5/5
  2784 | D:3      | Found a shattered altar of Ashenzari.
  2796 | D:3      | Noticed a water moccasin
  2817 | D:3      | Killed a water moccasin
  2817 | D:3      | Reached skill level 3 in Axes
  2817 | D:3      | Reached XP level 6. HP: 19/49 MP: 6/6
  2842 | D:3      | Noticed HungrySpirit's ghost (amateur OpTm)
  3095 | D:3      | Found an opulent altar of Gozag.
  3142 | D:3      | Found a sacrificial altar of Ru.
  3166 | D:3      | Killed HungrySpirit's ghost
  3166 | D:3      | Reached skill level 5 in Fighting
  3277 | D:3      | Found a blossoming altar of Fedhas.
  3409 | D:3      | Noticed a moth of wrath
  3412 | D:3      | Found a bloodstained altar of Trog.
  3750 | D:4      | Reached skill level 5 in Armour
  3846 | D:4      | Reached XP level 7. HP: 44/56 MP: 7/7
  4255 | D:4      | Found a glowing golden altar of the Shining One.
  4258 | D:4      | Found a basalt altar of Yredelemnul.
  4261 | D:4      | Noticed a profane servitor
  4643 | D:4      | Noticed an angel
  4666 | D:5      | Entered Level 5 of the Dungeon
  4786 | D:5      | Noticed Prince Ribbit
  4953 | D:5      | Found a glowing silver altar of Zin.
  4983 | D:5      | Reached XP level 8. HP: 48/64 MP: 8/8
  5051 | D:5      | Reached skill level 4 in Axes
  5122 | D:5      | Found a radiant altar of Vehumet.
  5382 | D:5      | Noticed Sigmund
  5576 | D:6      | Noticed Pikel
  5620 | D:6      | Killed Pikel
  5620 | D:6      | Reached skill level 5 in Axes
  6038 | D:6      | Found a stormy altar of Qazlal.
  6107 | D:6      | Found a white marble altar of Elyvilon.
  6123 | D:6      | Became a worshipper of Qazlal Stormbringer
  6280 | D:6      | Reached skill level 1 in Invocations
  6280 | D:6      | Gained mutation: You regenerate a little health from kills. [demonic ancestry]
  6280 | D:6      | Reached XP level 9. HP: 24/72 MP: 9/9
  6735 | D:7      | Found an iron altar of Okawaru.
  6898 | D:7      | Reached skill level 6 in Axes
  6986 | D:7      | Found a staircase to the Ecumenical Temple.
  7028 | D:7      | Reached * piety under Qazlal
  7913 | D:7      | Reached ** piety under Qazlal
  8336 | D:8      | Reached XP level 10. HP: 79/81 MP: 13/13
  8509 | D:8      | Noticed Erolcha
  8623 | D:8      | Killed Erolcha
  8623 | D:8      | Reached skill level 5 in Invocations
  8624 | D:8      | Reached skill level 7 in Axes
  9458 | D:9      | Reached *** piety under Qazlal
 10920 | D:10     | Entered Level 10 of the Dungeon
 11004 | D:10     | Reached skill level 8 in Axes
 11060 | D:10     | Found an ancient bone altar of Kikubaaqudgha.
 11132 | D:10     | Reached **** piety under Qazlal
 11144 | D:10     | Noticed Josephine
 11174 | D:10     | Killed Josephine
 11174 | D:10     | Gained mutation: You are immune to rotting. [demonic ancestry]
 11174 | D:10     | Reached XP level 11. HP: 30/89 MP: 16/16
 11340 | D:10     | Reached skill level 10 in Armour
 11363 | D:10     | Found a staircase to the Orcish Mines.
 11754 | Orc:1    | Entered Level 1 of the Orcish Mines
 11756 | Orc:1    | Found Iphoskem's Food Shoppe.
 11858 | Orc:1    | Noticed Urug
 11867 | Orc:1    | Reached skill level 9 in Axes
 11886 | Orc:1    | Killed Urug
 11925 | Orc:1    | Noticed an ettin
 11928 | Orc:1    | Killed an ettin
 11928 | Orc:1    | Reached skill level 10 in Fighting
 12080 | D:11     | Noticed incide's ghost (journeyman HEAE)
 12144 | D:10     | Noticed a red ugly thing
 12172 | D:10     | Killed a red ugly thing
 12310 | D:11     | Found a staircase to the Lair.
 12327 | Lair:1   | Entered Level 1 of the Lair of Beasts
 12551 | D:11     | Noticed a hill giant
 12559 | D:10     | Killed a hill giant
 12571 | D:11     | Reached skill level 10 in Axes
 13154 | Orc:1    | Gained mutation: You may emit foul miasma when damaged in melee. [demonic ancestry]
 13154 | Orc:1    | Reached XP level 12. HP: 64/98 MP: 18/18
 13271 | Orc:2    | Entered Level 2 of the Orcish Mines
 13557 | Orc:2    | Noticed an ettin
 13563 | Orc:2    | Killed an ettin
 14018 | Orc:2    | Found a staircase to the Elven Halls.
 14357 | Orc:2    | Reached skill level 11 in Axes
 14664 | D:11     | Noticed an ettin
 14667 | D:11     | HP: 2/99 [ettin/dire flail (24)]
 14667 | D:11     | Slain by an ettin

Skill      XL: |  1  2  3  4  5  6  7  8  9 10 11 12 |
---------------+-------------------------------------+-----
Armour         | 3 4 5 6 7 8 9 10 | 10.7
Fighting       | 4 5 6 7 8 9 10 | 10.9
Axes           | 2 3 5 6 8 10 11 | 11.1
Invocations    | 1 4 7 8 |  8.8
Shields        | |  2.6
Evocations     | |  0.8

Action                   |  1- 3 |  4- 6 |  7- 9 | 10-12 || total
-------------------------+-------+-------+-------+-------++-------
Melee: War axe           |   158 |    77 |   178 |       ||   413
       Flail             |       |   135 |   172 |    22 ||   329
       Hand axe          |       |       |   218 |    58 ||   276
       Battleaxe         |       |       |       |   667 ||   667
Invok: Upheaval          |       |       |       |    11 ||    11
       Elemental Force   |       |       |       |     5 ||     5
Evoke: Wand              |       |       |     4 |       ||     4
  Use: Scroll            |     7 |     1 |     5 |    10 ||    23
       Potion            |       |     3 |     2 |     5 ||    10
  Eat: Chunk             |     2 |     8 |     9 |    20 ||    39
       Meat ration       |       |       |     1 |     1 ||     2
       Beef jerky        |       |       |     1 |       ||     1
Armor: Scale mail        |    80 |   141 |    26 |       ||   247
       Chain mail        |       |       |   348 |   468 ||   816
       Plate armour      |       |       |       |    51 ||    51
Dodge: Dodged            |    97 |   162 |   261 |   375 ||   895
       Deflected         |       |       |       |     9 ||     9
Block: Other             |       |       |    13 |   183 ||   196
